 Dungeon Crawl Stone Soup version 0.27.1-1-g398f81649c (webtiles) character file.

Game seed: 534728381309190255

28 Kala the Ruffian (level 3, 36/36 HPs)
             Began as a Troll Monk on Sept 7, 2021.
             Quit the game on level 1 of the Dungeon.
             The game lasted 00:00:56 (786 turns).

Kala the Ruffian (Troll Monk)                        Turns: 786, Time: 00:00:56

Health: 36/36      AC:  4    Str: 20    XL:     3   Next: 0%
Magic:  2/2        EV: 10    Int:  6    God:
Gold:   38         SH:  0    Dex: 12    Spells: 2/2 levels left

rFire    . . .     SeeInvis .     - Unarmed
rCold    . . .     Faith    .   (no shield)
rNeg     . . .     Spirit   .   a - +0 robe
rPois    .         Reflect  .   (helmet restricted)
rElec    .         Harm     .   (no cloak)
rCorr    .         Rampage  .   (gloves unavailable)
Will     .....                  (boots unavailable)
Stlth    ++........             (no amulet)
HPRegen  1.12/turn              (no ring)
MPRegen  0.08/turn              (no ring)

@: no status effects
A: large, unfitting armour, claws 3, regeneration 1, shaggy fur 1, tough skin 1
a: no special abilities


You were on level 1 of the Dungeon.
You visited 1 branch of the dungeon, and saw 1 of its levels.

You collected 38 gold pieces.

Inventory:

Armour
 a - a +0 robe (worn)
Scrolls
 c - 4 scrolls of identify {unknown}
 d - a scroll of silence {unknown}
 f - a scroll of fog {unknown}
 g - a scroll of fear {unknown}
Potions
 b - 2 potions of curing {unknown}
 e - 2 potions of magic {unknown}


   Skills:
 + Level 2.6 Fighting
 + Level 2.9 Dodging
 + Level 1.1 Stealth
 + Level 3.3 Unarmed Combat


You had 2 spell levels left.
You didn't know any spells.
Your spell library was empty.

Dungeon Overview and Level Annotations

Branches:
Dungeon (1/15)

Altars:


Innate Abilities, Weirdness & Mutations

You are too large for most types of armour.
You have claws for hands.
Your natural rate of healing is unusually fast.
You are covered in fur. (AC +1)
You have tough skin. (AC +1)


Message History

Found a stone staircase leading down.
A kobold comes into view. It is wielding a +0 dagger.
A kobold is nearby!
The kobold hits you but does no damage.
You claw the kobold!
You kill the kobold!
No target in view!
No target in view!
No target in view!
No target in view!
No target in view!
No target in view!
No target in view!
No target in view!
No target in view!
No target in view!
No target in view!
Things that are here:
a +0 dagger; 2 stones
Found a mace.
A goblin comes into view. It is wielding a +0 dagger.
You see here a +0 mace.
A goblin is nearby!
The helpless goblin fails to defend itself.
You claw the goblin!
You kill the goblin!
You have reached level 3!
Your experience leads to an increase in your attributes!
Increase (S)trength, (I)ntelligence, or (D)exterity?
You feel stronger. x2
Things that are here:
a +0 dagger; a goblin corpse You see here a +0 mace.
Things that are here:
a +0 dagger; 2 stones
There is a stone staircase leading down here.
There is a large open door here.
There is an open door here.
Partly explored, can't reach some places.
Are you sure you want to abandon this character and quit the game? (Confirm with "yes".)

..........#########...#...##...#.
..........##........P.......####.
#........####.P♣.....♣P...♣♣...#.
#..>.............♣.........P.....
#.........#.....♣P...♣P..♣....♣#.
#.........###..............PP###.
########...########P...########..
#....###P♣.#....#P.♣ ##..#
##....# #@P##''##..# #..## ##...#
#'##P...##'# #.... ###.#
#..........# #.### #.#
#P♣...<..PP# #....
#.####PPP♣P♣♣P####...#
#..##############..#..
##..####♣PP♣####..####
##...##P..P##...#....
###..##''##..###.###


There were no monsters in sight!

Vanquished Creatures
  A dart slug (D:1)
  4 ball pythons (D:1)
  An endoplasm (D:1)
  2 giant cockroaches (D:1)
  A goblin (D:1)
  A hobgoblin (D:1)
  7 jackals (D:1)
  A kobold (D:1)
  2 bats (D:1)
  2 rats (D:1)
22 creatures vanquished.

Notes
Turn   | Place    | Note
-------+----------+-------------------------------------------
     0 | D:1      | Kala the Troll Monk began the quest for the Orb.
     0 | D:1      | Reached XP level 1. HP: 22/22 MP: 0/0
    94 | D:1      | Reached XP level 2. HP: 29/29 MP: 1/1
   707 | D:1      | Reached XP level 3. HP: 36/36 MP: 2/2
   786 | D:1      | Quit the game

Illustrated notes

Levels and vault maps discovered:
D:1:      denvon_arrival_planthouse, layout_basic, nrook_mini_vaults

Action                   || total
-------------------------++-------
Melee: Unarmed           ||    42
       Punch             ||     1
 Stab: Sleeping          ||     2
Armor: Robe              ||    17
Dodge: Dodged            ||    16
